 Dungeon Crawl Stone Soup version 0.25-a0-645-gb4487340cb (webtiles) character file.

Game seed: 3582158817012607651, levelgen mode: deterministic

48 ReteAZ the Covered (level 3, 0/30 HPs)
             Began as a Barachi Fighter on Mar 21, 2020.
             Slain by Natasha (4 damage)
             ... on level 2 of the Dungeon.
             The game lasted 00:01:47 (880 turns).

ReteAZ the Covered (Barachi Fighter)                 Turns: 880, Time: 00:01:48

Health: 0/30       AC:  8    Str: 17    XL:     3   Next: 72%
Magic:  3/3        EV:  7    Int:  8    God:
Gold:   59         SH:  9    Dex: 12    Spells: 2/2 levels left

rFire    . . .     SeeInvis .   a - +0 long sword
rCold    . . .     Gourm    .   c - +0 kite shield
rNeg     . . .     Faith    .   b - +0 scale mail
rPois    .         Spirit   .   (no helmet)
rElec    .         Reflect  .   (no cloak)
rCorr    .         Harm     .   k - +0 pair of gloves
MR       .....                  (no boots)
Stlth    ..........             (no amulet)
HPRegen  0.10/turn              (no ring)
MPRegen  0.08/turn              (no ring)

@: slow
A: +LOS, swims, slowness 1, strong legs 1
a: Hop


You were on level 2 of the Dungeon.
You were not hungry.

You visited 1 branch of the dungeon, and saw 2 of its levels.

You collected 59 gold pieces.

Inventory:

Hand Weapons
 a - a +0 long sword (weapon)
Missiles
 i - 5 poisoned darts (quivered)
Armour
 b - a +0 scale mail (worn)
 c - a +0 kite shield (worn)
 k - a +0 pair of gloves (worn)
Jewellery
 h - a +4 ring of dexterity {unknown}
Scrolls
 e - a scroll of teleportation {unknown}
 l - a scroll of amnesia {unknown}
 m - a scroll of identify {unknown}
 n - a scroll of noise {unknown}
 p - a scroll of fear {unknown}
Potions
 d - a potion of might
 g - a potion of flight {unknown}
 o - a potion of curing {unknown}
Comestibles
 f - 2 rations
 j - 10 chunks of flesh


   Skills:
 + Level 3.9 Fighting
 * Level 3.3 Long Blades
 + Level 4.1 Armour
 + Level 1.2 Dodging
 + Level 3.5 Shields


You had 2 spell levels left.
You didn't know any spells.
Your spell library contained the following spells:

 Spells                   Type           Power        Failure   Level  Hunger
 Apportation              Tloc           #.....       99%         1    ##.....
 Summon Butterflies       Summ           #.......     99%         1    ##.....
 Lesser Beckoning         Tloc           #.........   100%        3    ####...
 Tukima's Dance           Hex            #.......     100%        3    ####...
 Alistair's Intoxication  Tmut/Pois      #.......     100%        5    ######.
 Invisibility             Hex            #.......     100%        6    #######


Dungeon Overview and Level Annotations

Branches:
Dungeon (2/15)

Altars:

Annotations:
D:2 Natasha


Innate Abilities, Weirdness & Mutations

You can be seen from farther away. (+LOS)
You can swim through water.
You cover ground slowly.
You can hop short distances.


Message History

Natasha claws you but does no damage. Natasha closely misses you.
You riposte.
Your shield prevents you from hitting Natasha.
Natasha is moderately wounded.
You closely miss Natasha.
Natasha is moderately wounded.
Natasha stares at you and mumbles some strange words.
The magic dart hits you!
* * * LOW HITPOINT WARNING * * *
You barely miss Natasha.
Natasha is moderately wounded.
You block Natasha's attack.
Your shield prevents you from hitting Natasha.
Natasha is moderately wounded.
Natasha claws you but does no damage.
You slash Natasha!
Natasha is almost dead.
Natasha claws you.
* * * LOW HITPOINT WARNING * * *
Natasha claws you.
You die...

#.......#
##.......#
#....)...#
#######........#
#.........#....+
#.##..#...######
#.......)..####
#.%###.###....#
#.@..#.#......# ##
#[h#.#.###....###.P
#..#.... #....÷.PP≈
##.# #.# #..###.≈≈≈
#.. .......# #≈P≈♣
#.# #.#.#..# PP≈♣♣
#.# ....#..##P.PP
#.# #.# #....≈≈≈≈♣
#.. #. .)##...P≈≈


You could see Natasha.

Vanquished Creatures
  An adder (D:2)
  An ooze (D:2)
  2 leopard geckos (D:2)
  A ball python (D:2)
  2 giant cockroaches (D:1)
  4 goblins
  5 hobgoblins
  5 bats
  A frilled lizard (D:1)
  8 kobolds
  2 rats (D:2)
32 creatures vanquished.

Notes
Turn   | Place    | Note
-------+----------+-------------------------------------------
     0 | D:1      | ReteAZ the Barachi Fighter began the quest for the Orb.
     0 | D:1      | Reached XP level 1. HP: 18/18 MP: 1/1
   323 | D:1      | Reached XP level 2. HP: 25/25 MP: 2/2
   648 | D:2      | Found a faded altar of an unknown god.
   655 | D:2      | Reached skill level 4 in Armour
   688 | D:2      | Reached skill level 1 in Dodging
   688 | D:2      | Reached XP level 3. HP: 26/30 MP: 3/3
   870 | D:2      | Noticed Natasha
   880 | D:2      | Slain by Natasha

Levels and vault maps discovered:
D:1:      minmay_arrival_widening_spiral_wide, layout_rooms
D:2:      layout_basic, nicolae_ashenzari_panopticon,
          chequers_ecumenical_altar_simple, first_ration, chequers_jeans,
          minmay_misc_feat_roman, nrook_mini_vaults, kennysheep_big_empty_room,
          serial_bayou_pond_c, uniq_natasha, uniq_terence

Skill      XL: |  1  2 |
---------------+-------+-----
Long Blades    | 3 |  3.3
Armour         | 4 |  4.1
Dodging        | 1 |  1.2
Fighting       | |  3.9
Shields        | |  3.5

Action                   || total
-------------------------++-------
Melee: Long sword        ||    94
 Abil: Hop               ||     1
Armor: Scale mail        ||    62
Dodge: Dodged            ||    36
Block: Kite shield       ||    60
       Rpst.: Long sword ||    14

Table legend:
 A = Non-vault XP
 B = Vault XP
 C = Vault XP percentage of total XP
 D = Non-vault monster count
 E = Vault monster count
 F = Vault count percentage of total count
                 A         B        C        D         E       F
            +---------+---------+-------+---------+---------+-------
      Total |      69 |       0 |   0.0 |      32 |       0 |   0.0
            +---------+---------+-------+---------+---------+-------
        D:1 |      30 |       0 |   0.0 |      18 |       0 |   0.0
        D:2 |      39 |       0 |   0.0 |      14 |       0 |   0.0
            +---------+---------+-------+---------+---------+-------
